AoeStats
← Nova

Arena

505646244Analyzed
1v1 RM · 23d ago on Sep 10, 2026· 37m 48s· 2 players
Game mode
Random Map
Map size
Tiny (2 player)
Population
200
Speed
Normal
Resources
Standard
Victory
Conquest
Starting age
Dark Age
Ending age
Imperial Age
RankedLock teamsTeams togetherTeam positionsShared explorationLock speedFull tech treeHidden civsTurbo modeCheats
Victory
Defeat
🇧🇪 Poles · Belgium
1022
+17
🇬🇧 Byzantines · United Kingdom
1043
-17
lazylinepainter
10:35 Feudal Age
14:32 Castle Age
13:28 Double-Bit Axe
13:24 Horse Collar
13:38 Gold Mining
14:28 Loom
15:45 Pikeman
20:59 Sanctity
21:14 Bow Saw
21:59 Scale Barding Armor
23:59 Redemption
30:53 Imperial Age
28:10 Man-at-Arms
29:35 Scale Mail Armor
30:49 Chain Mail Armor
30:26 Long Swordsman
32:27 Conscription
31:33 Two-Handed Swordsman
32:57 Squires
33:59 Forging
34:11 Fletching
34:39 Arson
36:47 Iron Casting
36:40 Champion
38:34 Blast Furnace
38:09 Ballistics
37:56 Murder Holes
Nova
10:24 Feudal Age
16:38 Castle Age
19:26 Scale Mail Armor
19:19 Pikeman
19:56 Double-Bit Axe
21:22 Chain Mail Armor
27:43 Loom
28:07 Horse Collar
29:34 Devotion
32:15 Wheelbarrow
37:10 Imperial Age
36:21 Scale Barding Armor
Connection lost

Rejoining the realm…

Still unreachable

The connection could not be restored.

Session expired

The server has moved on; the page needs a fresh start.